AoeStats
← siemen2311

Arabian Desert

508970424Analyzed
1v1 RM · 7d ago on Sep 24, 2026· 37m 52s· 2 players
Game mode
Random Map
Map size
Tiny (2 player)
Population
200
Speed
Normal
Resources
Standard
Victory
Conquest
Starting age
Dark Age
Ending age
Imperial Age
RankedLock teamsTeams togetherTeam positionsShared explorationLock speedFull tech treeHidden civsTurbo modeCheats
Victory
Defeat
🇳🇱 Burgundians · Netherlands
843
+34
🇫🇷 Vietnamese · France
805
-14
Jungle Kriss
0:26 Loom
7:28 Loom
10:58 Feudal Age
11:47 Double-Bit Axe
12:49 Horse Collar
16:17 Fletching
21:12 Castle Age
20:11 Town Watch
21:46 Bloodlines
21:16 Pikeman
21:59 Scale Mail Armor
22:10 Forging
22:52 Bow Saw
23:05 Heavy Plow
23:49 Wheelbarrow
23:27 Squires
24:26 Chain Mail Armor
23:36 Crossbowman
26:05 Wheelbarrow
30:32 Iron Casting
siemen2311
5:06 Double-Bit Axe
8:04 Horse Collar
13:19 Feudal Age
12:17 Gold Mining
12:24 Loom
18:27 Castle Age
16:57 Bow Saw
18:11 Gold Shaft Mining
18:15 Wheelbarrow
21:56 Cavalier
24:44 Scale Barding Armor
24:49 Forging
28:47 Elite Skirmisher
33:01 Padded Archer Armor
32:52 Fletching
33:38 Iron Casting
33:23 Chain Barding Armor
37:13 Imperial Age
35:11 Town Watch
Connection lost

Rejoining the realm…

Still unreachable

The connection could not be restored.

Session expired

The server has moved on; the page needs a fresh start.